AoeStats
← SW_Paul

Arena

510284405Analyzed
4v4 RM · 4h ago on Sep 30, 2026· 12m 39s· 8 players
Game mode
Random Map
Map size
Large (8 player)
Population
200
Speed
Normal
Resources
Standard
Victory
Conquest
Starting age
Dark Age
Ending age
Imperial Age
RankedLock teamsTeams togetherTeam positionsShared explorationLock speedFull tech treeHidden civsTurbo modeCheats
Victory
Defeat
🇨🇳 Mongols · China
1226
+14
🇳🇵 Huns · Nepal
1194
+15
🇺🇸 Armenians · United States
1099
+19
🇨🇳 Franks · China
993
+24
🇨🇳 Varangians · China
1238
-20
🇨🇳 Franks · China
1210
-19
🇹🇼 Ethiopians · Taiwan
1135
-17
我想给自己改个简单又不重复的名字
SW_Paul
5:05 Loom
ThisIsGood
9:50 Feudal Age
13:28 Castle Age
12:33 Double-Bit Axe
12:43 Horse Collar
SW硬虎
YUZ
10:47 Feudal Age
14:35 Castle Age
GemGem27
10:50 Feudal Age
15:01 Castle Age
cttwalla
8:31 Loom
10:20 Feudal Age
9:35 Loom
11:04 Horse Collar
11:14 Double-Bit Axe
214547429
10:49 Feudal Age
Connection lost

Rejoining the realm…

Still unreachable

The connection could not be restored.

Session expired

The server has moved on; the page needs a fresh start.